 Dungeon Crawl Stone Soup version 0.30-a0-465-g8901f6c8b5 (webtiles) character file.

Game seed: 9791181524676070657

71 oldriver the Shooter (level 4, -1/34 HPs)
             Began as a Barachi Hexslinger on Dec 18, 2022.
             Slain by a black bear (4 damage)
             ... on level 3 of the Dungeon.
             The game lasted 00:01:49 (1497 turns).

oldriver the Shooter (Barachi Hexslinger)           Turns: 1497, Time: 00:01:50

Health: -1/34      AC:  2    Str: 11    XL:     4   Next: 24%
Magic:  7/7        EV: 12    Int: 14    God:
Gold:   118        SH:  0    Dex: 14    Spells: 6/7 levels left

rFire   . . .      SeeInvis .    a - +1 sling
rCold   . . .      Faith    .    (no shield)
rNeg    . . .      Spirit   .    c - +0 robe
rPois   .          Reflect  .    (no helmet)
rElec   .          Harm     .    (no cloak)
rCorr   .          Rampage  .    (no gloves)
Will    .....                    (no boots)
Stlth   ..........               k - amulet of the acrobat
HPRegen 0.25/turn                (no ring)
MPRegen 0.10/turn                (no ring)

@: silenced, unable to hop, slow
A: amphibious, slowness 1, strong legs 1, +LOS
a: Hop


You were on level 3 of the Dungeon.
You visited 1 branch of the dungeon, and saw 3 of its levels.

You collected 118 gold pieces.

Inventory:

Hand Weapons
 a - a +1 sling (weapon)
 d - a +0 trident
Armour
 c - a +0 robe (worn)
Jewellery
 k - an amulet of the acrobat (around neck)
Scrolls
 b - a scroll of poison
 f - a scroll of identify
 h - a scroll of teleportation {unknown}
 j - a scroll of fear {unknown}
 m - a scroll of immolation {unknown}
 o - a scroll of amnesia
Potions
 e - 2 potions of might {unknown}
 g - a potion of ambrosia {unknown}
 i - a potion of berserk rage {unknown}
 n - a potion of curing {unknown}
 p - a potion of cancellation {unknown}


   Skills:
 + Level 2.4 Fighting
 * Level 3.4 Ranged Weapons
 - Level 2.1 Dodging
 + Level 2.1 Spellcasting
 - Level 3.2 Hexes


You had 6 spell levels left.
You knew the following spells:

 Your Spells              Type           Power      Damage    Failure   Level
a - Slow                  Hex            40%        N/A       6%          1

Your spell library contained the following spells:

 Spells                   Type           Power      Damage    Failure   Level
 Blink                    Tloc           2%         N/A       34%         2
 Momentum Strike          Conj/Tloc      2%         3d8       34%         2
 Inner Flame              Hex/Fire       6%         N/A       34%         3
 Portal Projectile        Hex/Tloc       12%        N/A       34%         3
 Cause Fear               Hex            5%         N/A       52%         4
 Lesser Beckoning         Tloc           2%         N/A       56%         3


Dungeon Overview and Level Annotations

Branches:
Dungeon (3/15)

Altars:


Innate Abilities, Weirdness & Mutations

You are amphibious.
You cover ground slowly.
You can hop short distances.
You have an extended range of vision and can be seen from far away.


Message History

You shoot a sling bullet.
The sling bullet barely misses the black bear.
You shoot a sling bullet. The sling bullet hits the black bear.
The black bear is heavily wounded.
The black bear closely misses you. The black bear misses you.
The black bear claws you.
You shoot a sling bullet.
The sling bullet barely misses the black bear.
The black bear misses you. The black bear claws you.
The black bear claws you but does no damage.
You are too injured to fight recklessly!
You are too injured to fight recklessly!
Fire: a) +1 sling
Press: ? - help, Shift-Dir - straight line, f/p - black bear
Aim: a black bear (heavily wounded, 67% to hit)
You shoot a sling bullet. The sling bullet hits the black bear.
The black bear is severely wounded.
The black bear closely misses you. The black bear claws you.
The black bear misses you.
Fire: a) +1 sling
Press: ? - help, Shift-Dir - straight line, f/p - black bear
Aim: a black bear (severely wounded, 67% to hit)
You shoot a sling bullet.
The sling bullet barely misses the black bear.
The black bear bites you.
* * * LOW HITPOINT WARNING * * *
The black bear closely misses you. The black bear claws you.
* * * LOW HITPOINT WARNING * * *
The black bear goes berserk!
Okay, then.
As you read the scroll labelled KINUOL EXERE, it crumbles to dust.
It is a scroll of identify.
o - a scroll of amnesia The black bear barely misses you. x2; The black bear closely misses you.
As you read the scroll labelled FAHOSU IDELANA, it crumbles to dust.
A profound silence engulfs you.
It was a scroll of silence.
The black bear barely misses you. The black bear claws you.
* * * LOW HITPOINT WARNING * * *
The black bear claws you.
You die...

####..## #.# .....[. ..#
##..################
#...................
####...################
#.#...###........# #
###.#.#............. #
.### #.#.#.#####.........
#
......#.#....h@.'.........
# #...†..#######.........
# #......### #......... #
...#.... #.........
.#.....) ##########
...##... .# #... #... #...


You could see a black bear (berserk, unsilenced).

Vanquished Creatures
  2 adders (D:2)
  3 dart slugs
  4 ball pythons (D:2)
  6 endoplasms
  3 giant cockroaches
  3 goblins
  A hobgoblin (D:2)
  5 kobolds
  4 quokkas
  3 bats
  5 frilled lizards
  6 rats
45 creatures vanquished.

Notes
Turn   | Place    | Note
-------+----------+-------------------------------------------
     0 | D:1      | oldriver the Barachi Hexslinger began the quest for the
                  | Orb.
     0 | D:1      | Reached XP level 1. HP: 15/15 MP: 2/2
    76 | D:1      | Noticed a floating eye
    79 | D:1      | Found a faded altar of an unknown god.
    79 | D:1      | Noticed a floating eye
    80 | D:1      | Noticed a floating eye
    81 | D:1      | Noticed a shining eye
    98 | D:1      | Reached XP level 2. HP: 21/21 MP: 4/4
   486 | D:1      | Reached XP level 3. HP: 19/27 MP: 5/5
   882 | D:2      | Reached XP level 4. HP: 9/34 MP: 7/7
  1478 | D:3      | Noticed a black bear
  1497 | D:3      | Slain by a black bear

Illustrated notes

Levels and vault maps discovered:
D:1:      dpeg_arrival_houses_and_road, layout_basic,
          hellmonk_ecumenical_altar_watching_god
D:2:      layout_rooms, hex_large, minmay_tromino_v7
D:3:      layout_basic, nzn_overflow_gifts_of_might_and_magic,
          lemuel_crystal_altar, mainiacjoe_overflow_paths, uniq_sigmund

Skill      XL: |  1  2  3 |
---------------+----------+-----
Fighting       | 2 |  2.4
Ranged Weapons | 3 |  3.4
Spellcasting   | 2 |  2.1
Dodging        | |  2.1
Hexes          | |  3.2

Action                   |  1- 3 |  4- 6 || total
-------------------------+-------+-------++-------
 Fire: Sling             |   136 |    44 ||   180
 Abil: Hop               |     1 |     1 ||     2
  Use: Scroll            |       |     2 ||     2
Armor: Robe              |    10 |     7 ||    17
Dodge: Dodged            |    52 |    36 ||    88

Table legend: (Time is in decaauts)
 A = Elapsed time spent in this place.
 B = Non-inter-level travel time spent in this place.
 C = Inter-level travel time spent in this place.
 D = Time resting spent in this place.
 E = Time spent auto-exploring this place.
 F = Levels seen in this place.
 G = Mean time per level.
                   A        B        C        D        E       F      G
               +--------+--------+--------+--------+--------+-----+--------+
         Total |   1732 |   1657 |     75 |    199 |   1123 |   3 |  577.3 |
       Dungeon |   1732 |   1657 |     75 |    199 |   1123 |   3 |  577.3 |
               +--------+--------+--------+--------+--------+-----+--------+

Top non-repeatable levels by time:
     D:2: 825 daAuts
     D:1: 727 daAuts
     D:3: 179 daAuts
